woodfighter, neutral female human Healer ---------- ------- |.........#####|.....| |.)......| #|...[.| |........| #|.....-# |........+#####......| --------- ---- |........| #|.....@a#######------------- |.......| ##########...| -------|-- #------- #.`.........`.#####|.......| |..| # ################|.....`.....| ##|.......| ##...| # # #|...-.---....[####).......| # |[>| # # #|...|.{.|...| ###|<......| ### ---- ### # #|..`|{.{|`..| # #--------- # # # #|...|.{.|...|### ##################### ----|----------# #|...-----...|# |.............|# #|.....`.....|# |..............# #|`.........`|# |.............| #-------------# --------------- ##############` woodfighter the Empiric Experience level: 5 Strength: 9 Dexterity: 12 Constitution: 14 Intelligence: 9 Wisdom: 16 Charisma: 16 Health: 0(45) Energy: 39(44) Def: 5 Gold: 3025 Moves: 2548 Dungeon seed: gT4Xdufy2wKKUCye Game ID: woodfighter_1505233072 Your Inventory: Coins $ - 3025 gold pieces Weapons a - a +0 scalpel (weapon in hand) Armor e - an uncursed +1 pair of leather gloves (being worn) n - an uncursed +0 leather cloak (being worn) y - a blessed +1 pair of elven boots (being worn) Comestibles l - 6 blessed eucalyptus leaves m - a blessed sprig of wolfsbane o - a blessed clove of garlic p - 6 uncursed apples B - 2 uncursed sprigs of wolfsbane C - 2 uncursed cream pies R - an uncursed lichen corpse Scrolls t - an uncursed scroll of enchant weapon u - a cursed scroll of gold detection v - an uncursed scroll of scare monster A - a blessed scroll of enchant weapon G - an uncursed scroll of scare monster I - an uncursed scroll of destroy armor L - an uncursed scroll of identify M - an uncursed scroll of blank paper Spellbooks i - a blessed spellbook of healing j - a blessed spellbook of extra healing k - a blessed spellbook of stone to flesh Potions c - 3 uncursed potions of healing d - a blessed potion of healing f - a blessed potion of extra healing g - 3 uncursed potions of extra healing r - an uncursed potion of invisibility O - 3 uncursed potions of hallucination Rings x - an uncursed ring of fire resistance K - a cursed -1 ring of increase damage P - an uncursed ring of regeneration Wands h - a wand of sleep (0:7) w - a wand of enlightenment (0:13) H - a wand of lightning (0:8) J - a wand of fire (0:5) Q - a wand of secret door detection (0:15) Tools b - an uncursed stethoscope Spells and supernatural/magical abilities: Name Level Category Fail Memory h - healing 1 healing 8% 88% x - extra healing 3 healing 35% 88% S - stone to flesh 3 healing 48% 88% W - pray for help -- divine ? -- Your skills at the end: Miscellaneous Skills wands [Basic] Weapon Skills knife [Basic] Spellcasting Skills healing spells [Basic] Final Attributes: You were devoutly aligned. You were poison resistant. You were somewhat stealthy. You are dead. Vanquished creatures: an orc shaman a gray ooze a paper golem a giant ant a kitten 2 iguanas a jitterbug a dwarf zombie a coyote 3 geckos 2 hobgoblins a yellow mold a green mold 3 red molds 2 garter snakes 2 gnome zombies 4 jackals 3 kobolds 3 newts 3 goblins 3 grid bugs 5 lichens 45 creatures vanquished. Voluntary challenges: You did not adorn yourself with jewelry or accessories. You did not cause conflict. You were not invisible. You did not have reflection. You were not displaced. You were an atheist. You used a wielded weapon 136 times, starting on turn 54. You did not apply a unicorn horn. You did not use plumbed fixtures. You did not drink any magical draughts. You were illiterate. You never genocided any monsters. You never polymorphed an object. You never changed form. You used no wishes. You never split a pudding. You never wrote Elbereth's name. You never violated your personal moral code. Dungeon overview: The Dungeons of Doom: levels 1 to 9 Level 1 a long staircase Level 2 a fountain Level 3 a fountain Level 4 a potion shop stairs to The Gnomish Mines Level 5 Level 6 Level 7 <- You were here many fountains Level 8 Level 9 The Gnomish Mines: Level 5 stairs to The Dungeons of Doom History has recorded: On T:1 you entered the Dungeons of Doom to retrieve the Amulet of Yendor! On T:153 you reached level 2 of The Dungeons of Doom. On T:307 you reached level 3 of The Dungeons of Doom. On T:479 you advanced to experience level 2. On T:785 you advanced to experience level 3. On T:938 you reached level 4 of The Dungeons of Doom. On T:1108 you reached level 5 of The Dungeons of Doom. On T:1326 you reached level 1 of The Gnomish Mines. On T:1510 you reached level 6 of The Dungeons of Doom. On T:1644 you advanced to experience level 4. On T:1986 you reached level 7 of The Dungeons of Doom. On T:2026 you reached level 9 of The Dungeons of Doom. On T:2030 you reached level 8 of The Dungeons of Doom. On T:2171 you advanced to experience level 5. Score breakdown: Gold: 1340 ( 134 points) Experience: 5 levels ( 400 points) Exploration: 9 levels ( 240 points) Discoveries: 16 items ( 800 points) Variety of kills: 22 monsters ( 1100 points) Major goal: (nothing yet) ( 0 points) Survival: died (score multiplied by 3) Total score: 8022 Latest messages: You hack the orc shaman. The orc shaman is heavily wounded. The orc shaman points at you, then curses. You slash the orc shaman. The orc shaman is horribly wounded. The orc shaman points all around, then curses. You slash the orc shaman. The orc shaman is almost dead. You kill the orc shaman! You hack the soldier ant. The soldier ant is lightly wounded. The soldier ant just misses! The soldier ant stings! You hack the soldier ant. The soldier ant is moderately wounded. The soldier ant bites! The soldier ant stings! The soldier ant bites! The soldier ant stings! You feel better. The soldier ant bites! The soldier ant stings! You fail to cast the spell correctly. The soldier ant bites! You die... Final status: Goodbye woodfighter the Healer, killed by a soldier ant... You died in The Dungeons of Doom on dungeon level 7 with 8022 points, and 3025 pieces of gold, after 2548 moves. You were level 5 with a maximum of 45 hit points when you died.